 Dungeon Crawl Stone Soup version 0.29.1-15-g9cfb28693d (webtiles) character file.

Game seed: 12857184631921371877

433 ThatPearl the Chiller (level 6, -1/48 (51) HPs)
             Began as a Demigod Ice Elementalist on Mar 8, 2023.
             Slain by a wight
             ... wielding a +2 war axe
              (7 damage)
             ... on level 4 of the Dungeon.
             The game lasted 00:09:39 (4895 turns).

ThatPearl the Chiller (Demigod Ice Elementalist)    Turns: 4895, Time: 00:09:40

HP:   -1/48 (51)    AC:  2    Str:  9    XL:     6   Next: 39%
MP:   6/14          EV: 11    Int: 25    God:
Gold: 40            SH:  6    Dex: 14    Spells: 5/12 levels left

rFire   . . .      SeeInvis .   u - +0 hand axe (flame)
rCold   + + .      Faith    .   t - +2 buckler "Emuumpei" {rC++ Slay+2}
rNeg    . . .      Spirit   .   a - +0 robe
rPois   .          Reflect  .   (no helmet)
rElec   .          Harm     .   (no cloak)
rCorr   .          Rampage  .   (no gloves)
Will    .....                   (no boots)
Stlth   ++........              (no amulet)
HPRegen 0.16/turn               (no ring)
MPRegen 0.14/turn               (no ring)

@: drained
A: high MP 1, forlorn, divine attributes
a: no special abilities


You were on level 4 of the Dungeon.
You visited 1 branch of the dungeon, and saw 4 of its levels.

You collected 288 gold pieces.
You spent 248 gold pieces at shops.

Inventory:

Hand Weapons
 u - a +0 hand axe of flaming (weapon)
Missiles
 d - 6 boomerangs
 i - 20 stones
 r - 2 silver javelins
Armour
 a - a +0 robe (worn)
 t - the +2 buckler "Emuumpei" (worn) {rC++ Slay+2}
   (You bought it in a shop on level 3 of the Dungeon)

   Slay:      It affects your accuracy & damage with ranged weapons and melee
   (+2).
   rC:        It greatly protects you from cold.
Scrolls
 f - 2 scrolls of teleportation {unknown}
 g - 3 scrolls of identify {unknown}
 k - a scroll of immolation {unknown}
 l - 2 scrolls of amnesia {unknown}
 m - 3 scrolls of magic mapping {unknown}
 n - a scroll of vulnerability {unknown}
 s - a scroll of enchant weapon {unknown}
Potions
 b - a potion of magic
 c - 5 potions of curing
 h - a potion of heal wounds {unknown}
 j - a potion of berserk rage {unknown}
 o - 2 potions of haste
 p - a potion of mutation {unknown}
 q - a potion of flight {unknown}


   Skills:
 + Level 3.1 Fighting
 - Level 1.7 Dodging
 - Level 1.7 Stealth
 + Level 2.0 Shields
 + Level 3.5 Spellcasting
 + Level 5.0 Ice Magic


You had 5 spell levels left.
You knew the following spells:

 Your Spells              Type           Power      Damage    Failure   Level
a - Ozocubu's Armour      Ice            29%        N/A       4%          3
f - Freeze                Ice            100%       1d11      1%          1
r - Frozen Ramparts       Ice            58%        1d9       4%          3

Your spell library contained the following spells:

 Spells                   Type           Power      Damage    Failure   Level
 Hailstorm                Conj/Ice       16%        3d6       41%         4


Dungeon Overview and Level Annotations

Branches:
Dungeon (4/15)
 Temple: D:4-7

Shops:
D:1 !   D:3 [

Annotations:
D:3 Grinder


Innate Abilities, Weirdness & Mutations

You have an increased reservoir of magic. (+10% MP)
You shall have no god before yourself.
Your divine heritage dramatically boosts your attributes as you level up.


Message History

Aiming: Freeze (safe; 1% risk of failure)
Press: ? - help, Q - select action, (/) - cycle Shift-Dir - straight line, f/p - wight
Aim: a wight, wielding a +0 great sword and wearing a +0 robe (lightly damaged)
You freeze the wight.
The wight resists.
The wight is moderately damaged.
The wight completely resists.
The wall freezes the wight but does no damage.
The wight hits you with a +0 great sword!
You feel drained.
The wall freezes the wight but does no damage.
You hit the wight. You burn the wight.
The wight is heavily damaged.
The wall freezes the wight but does no damage.
The wight resists.
The wall freezes the wight.
The wight barely misses you.
The wight completely resists.
The wall freezes the wight but does no damage.
The wight resists.
The wall freezes the wight.
You hit the wight. You burn the wight.
The wight is severely damaged.
The frozen ramparts melt away.
You block the wight's attack.
The wight hits you with a +0 great sword!
You feel drained.
You slash the wight! You burn the wight.
You destroy the wight!
Your Shields skill increases to level 2!
Your Ice Magic skill increases to level 5!
Your icy armour will break if you move.
Continue?
Okay, then.
Your icy armour will break if you move.
Continue?
The wight attacks as you move away! You block the wight's attack.
Your icy armour cracks and falls away as you move.
There is an open door here.
There are monsters nearby!
The wight attacks as you move away! You block the wight's attack.
Things that are here:
a +0 dagger; an orc corpse The wight attacks as you move away!
The wight hits you with a +2 war axe!
* * * LOW HITPOINT WARNING * * *
You feel drained.
You die...

#.................####z..#
#........................#
#....####...#............#
#....####.###............#
#....<..).# #............#
#....###..#######z####+###
#....# #........#z# #....#
#.######.#.# #....#
#...).@zz#'###### #....#
#####..))z........
#..................######
#.....................#
...................
##########.........
#......... #.......##
#.......#


You could see 3 wights.

Vanquished Creatures
  2 ogres (D:4)
  A scorpion (D:4)
  A wight (D:4)
  An orc wizard (D:4)
  2 gnolls (D:3)
  3 adders
  2 worms (D:2)
  2 dart slugs
  4 orcs (D:4)
  7 ball pythons
  8 endoplasms
  2 giant cockroaches
  9 goblins
  7 hobgoblins
  4 jackals
  A quokka (D:3)
  3 bats
  6 frilled lizards
  5 kobolds
  8 rats
78 creatures vanquished.

Notes
Turn   | Place    | Note
-------+----------+-------------------------------------------
     0 | D:1      | ThatPearl the Demigod Ice Elementalist began the quest for
                  | the Orb.
     0 | D:1      | Reached XP level 1. HP: 14/14 MP: 5/5
   412 | D:1      | Found Tafea's Distillery.
   416 | D:1      | Bought a potion of curing for 39 gold pieces
   514 | D:1      | Reached XP level 2. HP: 22/22 MP: 7/7
   660 | D:1      | Reached skill level 1 in Fighting
  1624 | D:2      | Reached skill level 4 in Ice Magic
  1708 | D:2      | Reached XP level 3. HP: 16/28 MP: 5/9
  2759 | D:2      | Reached XP level 4. HP: 18/36 MP: 0/10
  2844 | D:2      | Learned a level 3 spell: Ozocubu's Armour
  2848 | D:2      | Learned a level 3 spell: Frozen Ramparts
  3131 | D:3      | Noticed Grinder
  3273 | D:3      | Found Adafesu's Antique Armour Shop.
  4133 | D:3      | Bought a glimmering buckler for 209 gold pieces
  4133 | D:3      | Identified the +2 buckler "Emuumpei" {rC++ Slay+2} (You
                  | bought it in a shop on level 3 of the Dungeon)
  4281 | D:4      | Noticed an ogre
  4291 | D:4      | Killed an ogre
  4292 | D:4      | Reached skill level 1 in Shields
  4292 | D:4      | Reached XP level 5. HP: 22/42 MP: 1/12
  4493 | D:4      | Noticed an ogre
  4527 | D:4      | Killed an ogre
  4531 | D:4      | Reached XP level 6. HP: 10/51 MP: 4/14
  4890 | D:4      | Reached skill level 5 in Ice Magic
  4895 | D:4      | Slain by a wight

Illustrated notes

Levels and vault maps discovered:
D:1:      onia_arrival_pyramid, layout_basic, serial_shops,
          nicolae_shop_crystal, nicolae_ecumenical_snake_handling,
          serial_corexii_hall, corexii_hall_statues_l, chequers_hall_statues_y,
          chequers_hall_statues_y, chequers_hall_statues_corner_a, minivault_26,
          minmay_misc_feat_iff, minmay_misc_feat_diagonals,
          dreamdust_wishing_well
D:2:      layout_loops_ring, nrook_mini_vaults, minmay_statues_item,
          kennysheep_generic_room_16
D:3:      kennysheep_six_static_rooms, layout_basic,
          mainiacjoe_overflow_alcove_1, serial_shops,
          nicolae_shop_overgrown_old_shop, uniq_grinder
D:4:      layout_basic, uniq_eustachio, uniq_duvessa

Skill      XL: |  1  2  3  4  5  6 |
---------------+-------------------+-----
Spellcasting   | 2 3 |  3.5
Fighting       | 1 2 3 |  3.1
Ice Magic      | 4 5 |  5.0
Shields        | 1 2 |  2.0
Dodging        | |  1.7
Stealth        | |  1.7

Action                   |  1- 3 |  4- 6 || total
-------------------------+-------+-------++-------
Melee: Hand axe          |    61 |    35 ||    96
       Punch             |     1 |       ||     1
 Cast: Freeze            |    62 |    18 ||    80
       Frozen Ramparts   |       |     6 ||     6
       Ozocubu's Armour  |       |     6 ||     6
 Stab: Sleeping          |     3 |       ||     3
       Distracted        |     1 |       ||     1
Armor: Robe              |    12 |     4 ||    16
Dodge: Dodged            |    78 |    27 ||   105
Block: Buckler           |       |     6 ||     6
